Rangers vs Red Wings

Created - May 8, 2025 at 09:57

Goals
1 2 3 T
Rangers 0 2 2 4
Red Wings 2 0 1 3
Shots
1 2 3 T
Rangers 9 12 9 30
Red Wings 18 4 14 36

1st period

1. Red Wings , Nino Niederreiter 21 (Dylan Larkin 41, Connor Brown 43) at 11:59 (PP)
2. Red Wings , Nino Niederreiter 22 (Connor Brown 44, Dylan Larkin 42) at 19:11

Penalties :
Devante Smith-Pelly (NyR) for Hooking (Minor) at 11:28

2nd period

3. Rangers , Ryan Strome 19 (Sean Couturier 46) at 1:59
4. Rangers , Mikhail Sergachev 3 (Tomas Hertl 23, Viktor Arvidsson 27) at 18:35 (PP)

Penalties :
Colton Parayko (Det) for Goalie Interference (Minor) at 2:21, Nino Niederreiter (Det) for Hooking (Minor) at 17:56, Sean Couturier (NyR) for Hooking (Minor) at 18:45

3rd period

5. Rangers , Cale Makar 20 (Jake McCabe 18) at 4:08 (PP)
6. Rangers , Cale Makar 21 (Milan Lucic 40, Sean Couturier 47) at 11:52 (PP)
7. Red Wings , Ryan Johansen 16 (Danton Heinen 35, Nino Niederreiter 37) at 13:45

Penalties :
Calvin de Haan (Det) for Holding (Minor) at 3:58, Steven Santini (NyR) for Interference (Minor) at 7:45, Danton Heinen (Det) for Cross-checking (Minor) at 11:48

Goalie Stats

Samuel Montembeault (NyR), 33 saves from 36 shots - (0.917), W, 24-21-11, 60:00 minutes
Harru Sateri (Det), 26 saves from 30 shots - (0.867), L, 0-1-0, 58:45 minutes

Players Stats for Rangers

Player Name              G  A  P  +/- PIM S  H  SB GA TA FO     MP     PP MP  PK MP  
------------------------------------------------------------------------------------
Cale Makar               2  0  2   0  0   5  2  3  3  3  0/0    27:07   1:43   2:33 
Casey Mittelstadt        0  0  0   0  0   0  1  0  0  0  1/2     9:19   0:12   0:07 
Connor Chatam            0  0  0   0  0   0  3  0  0  0  0/0     9:12   0:12   0:00 
David Pope               0  0  0   0  0   1  4  1  0  0  0/1    10:19   0:12   0:52 
Devante Smith-Pelly      0  0  0  -1  2   1  3  2  1  1  0/0    17:00   1:33   0:00 
Dmitry Kulikov           0  0  0  -2  0   1  1  0  0  2  0/0    17:56   0:00   1:56 
Henrik Samuelsson        0  0  0   0  0   0  1  0  0  0  3/3    12:00   0:00   0:28 
Jake McCabe              0  1  1   0  0   0  4  0  1  0  0/0    27:07   1:43   2:33 
Mikhail Sergachev        1  0  1  -2  0   1  1  1  0  2  0/0    19:05   1:09   1:56 
Milan Lucic              0  1  1   0  0   1  1  0  0  1  4/11   22:29   1:33   3:23 
Oliver Bjorkstrand       0  0  0   0  0   2  0  0  1  0  0/0    14:16   0:00   1:43 
Ondrej Palat             0  0  0  -1  0   2  1  0  0  0  0/0    15:46   1:09   0:10 
Ryan Strome              1  0  1   0  0   5  2  1  1  0  1/1    16:57   1:07   0:00 
Sean Couturier           0  2  2   0  2   4  2  1  0  0  18/37  20:28   1:33   1:47 
Steven Santini           0  0  0   1  2   3  0  1  0  1  0/0    14:06   0:00   0:00 
Tomas Hertl              0  1  1  -1  0   2  2  1  0  0  5/10   16:02   1:07   0:28 
Viktor Arvidsson         0  1  1   0  0   2  2  1  0  1  1/1    12:31   1:07   0:00 
Vince Dunn               0  0  0   1  0   0  0  0  0  1  0/0    13:48   0:00   0:00 

Players Stats for Red Wings

Player Name              G  A  P  +/- PIM S  H  SB GA TA FO     MP     PP MP  PK MP  
------------------------------------------------------------------------------------
Brendan Woods            0  0  0   0  0   2  0  0  0  0  2/3    10:33   0:00   0:54 
Calvin de Haan           0  0  0  -1  2   2  1  1  0  0  0/0    16:07   1:10   0:09 
Carson Mcmillan          0  0  0   0  0   2  2  1  1  0  0/0    13:17   0:00   1:49 
Colton Parayko           0  0  0   1  2   5  4  1  0  1  0/0    24:08   3:19   0:00 
Connor Brown             0  2  2   1  0   4  0  0  2  1  1/2    20:27   2:47   0:00 
Danton Heinen            0  1  1   0  2   2  0  1  1  0  0/0    18:14   1:42   0:09 
Dylan Larkin             0  2  2   1  0   4  0  0  2  0  19/40  20:39   2:47   0:12 
Ivan Provorov            0  0  0   1  0   3  3  0  2  1  0/0    22:09   3:19   0:42 
Jake Virtanen            0  0  0   0  0   0  1  0  0  0  0/0    18:49   1:42   0:00 
Lucas Lessio             0  0  0   0  0   0  0  0  0  0  0/0     5:39   0:00   0:00 
Martin Marincin          0  0  0   1  0   2  1  1  0  1  0/0    20:39   0:00   1:00 
Nino Niederreiter        2  1  3   1  2   3  2  0  2  0  3/3    20:54   2:47   0:20 
Philip Samuelsson        0  0  0   1  0   1  3  1  0  1  0/0    20:19   1:10   2:01 
Roland McKeown           0  0  0  -1  0   0  1  0  0  1  0/0    16:41   0:00   1:52 
Ryan Johansen            1  0  1   0  0   2  1  0  0  0  5/9    18:40   1:42   0:31 
T.J. Hensick             0  0  0   0  0   0  0  1  1  0  3/9    13:39   0:00   1:49 
Teemu Pulkkinen          0  0  0   0  0   2  1  0  0  0  0/0     6:48   0:00   0:00 
Tyler Pitlick            0  0  0   0  0   2  0  0  1  1  0/0     9:22   0:00   0:00 

3 Stars

1 - Cale Makar (NyR)
2 - Nino Niederreiter (Det)
3 - Ryan Strome (NyR)

Power Play

Rangers - 3 on 4 Attempt(s) - 75.00%
Red Wings - 1 on 3 Attempt(s) - 33.33%

Penalty Kill

Rangers - 2 on 3 Attempt(s) - 66.67% - Score 0 goal in Penalty Kill
Red Wings - 1 on 4 Attempt(s) - 25.00% - Score 0 goal in Penalty Kill

Team Stat

Rangers - Hits : 30 - Faceoff Wins : 33 - Blocked Shots : 12 - Penalty Minutes : 6
Red Wings - Hits : 20 - Faceoff Wins : 33 - Blocked Shots : 7 - Penalty Minutes : 8

Official

Referees : Tim Peel and Trevor Hanson
Linesman : Kory Nagy and Jesse Marquis

Game Notes

Lucas Lessio is injured at 12:24 of 2nd period (Left Knee)

Finance

Level 1 -- Attendance: 5259 (87.65%) -- Ticket Income $525,900
Level 2 -- Attendance: 5000 (100.00%) -- Ticket Income $350,000
Level 3 -- Attendance: 1879 (93.95%) -- Ticket Income $75,160
Level 4 -- Attendance: 3705 (92.63%) -- Ticket Income $111,150
Luxury Box -- Attendance: 848 (84.80%) -- Ticket Income $169,600
Game was played at the Little Caesars arena.
Total Attendance: 16691 (92.73%)
Total Ticket Income: $1,231,810
Other Income: $184,772
Total Income: $1,416,582

Rangers

5 vs 5 Forward 
   Center                   Left Wing                Right Wing               Time % Phy DF OF 
 1 Sean Couturier           Milan Lucic              Ryan Strome              35     1   2  2  
 2 Tomas Hertl              Ondrej Palat             Devante Smith-Pelly      30     1   2  2  
 3 Henrik Samuelsson        Viktor Arvidsson         Oliver Bjorkstrand       25     1   2  2  
 4 Casey Mittelstadt        David Pope               Connor Chatam            10     1   2  2  

5 vs 5 Defense 
   Defense                  Defense                                           Time % Phy DF OF 
 1 Jake McCabe              Cale Makar                                        40     1   2  2  
 2 Dmitry Kulikov           Mikhail Sergachev                                 30     1   2  2  
 3 Vince Dunn               Steven Santini                                    20     1   2  2  
 4 Jake McCabe              Cale Makar                                        10     1   2  2  

PowerPlay Forward 
   Center                   Left Wing                Right Wing               Time % Phy DF OF 
 1 Sean Couturier           Milan Lucic              Devante Smith-Pelly      60     1   2  2  
 2 Tomas Hertl              Viktor Arvidsson         Ryan Strome              40     1   2  2  

PowerPlay Defense
   Defense                  Defense                                           Time % Phy DF OF 
 1 Jake McCabe              Cale Makar                                        60     1   2  2  
 2 Ondrej Palat             Mikhail Sergachev                                 40     1   2  2  

Penalty Kill 4 Players Forward 
   Center                   Wing                     Time % Phy DF OF 
 1 Milan Lucic              Sean Couturier           60     1   2  2  
 2 Henrik Samuelsson        Tomas Hertl              40     1   2  2  

Penalty Kill 4 Players Defense
   Defense                  Defense                  Time % Phy DF OF 
 1 Jake McCabe              Cale Makar               60     1   2  2  
 2 Dmitry Kulikov           Mikhail Sergachev        40     1   2  2  

Penalty Kill - 3 Players Forward 
   Forward                                           Time % Phy DF OF 
 1 Henrik Samuelsson                                 60     1   2  2  
 2 Sean Couturier                                    40     1   2  2  

Penalty Kill - 3 Players Defense
   Defense                  Defense                  Time % Phy DF OF 
 1 Jake McCabe              Cale Makar               60     1   2  2  
 2 Dmitry Kulikov           Mikhail Sergachev        40     1   2  2  

4 vs 4 Forward 
   Center                   Wing                     Time % Phy DF OF 
 1 Milan Lucic              Sean Couturier           60     1   2  2  
 2 Tomas Hertl              Viktor Arvidsson         40     1   2  2  

4 vs 4 Defense
   Defense                  Defense                  Time % Phy DF OF 
 1 Vince Dunn               Cale Makar               60     1   2  2  
 2 Dmitry Kulikov           Mikhail Sergachev        40     1   2  2  

Last Minutes Offensive
   Center                   Left Wing                Right Wing               Defense                  Defense                  
   Sean Couturier           Milan Lucic              Devante Smith-Pelly      Jake McCabe              Cale Makar               

Last Minutes Defensive
   Center                   Left Wing                Right Wing               Defense                  Defense                  
   Sean Couturier           Milan Lucic              Devante Smith-Pelly      Jake McCabe              Cale Makar               

Goaltenders
Starting : Samuel Montembeault      
Backup : Eric Comrie              

Extra Forwards
Normal : Ryan Strome, Ondrej Palat, Oliver Bjorkstrand - PP : Tomas Hertl, Ondrej Palat - PK : Oliver Bjorkstrand
Extra Defensemen
Normal : Vince Dunn, Steven Santini, Dmitry Kulikov - PP : Vince Dunn - PK : Steven Santini, Dmitry Kulikov
Penalty Shots
Milan Lucic, Sean Couturier, Tomas Hertl, Viktor Arvidsson, Devante Smith-Pelly
Custom OT Lines Forwards
Milan Lucic, Sean Couturier, Tomas Hertl, Ryan Strome, Devante Smith-Pelly, Viktor Arvidsson, Ondrej Palat, Oliver Bjorkstrand, David Pope, Casey Mittelstadt
Custom OT Lines Defensemen
Jake McCabe, Cale Makar, Dmitry Kulikov, Mikhail Sergachev, Vince Dunn

Scratches
Patrik Nemeth (Healthy), Seth Griffith (Healthy), Stefan Noesen (Healthy)

Red Wings

5 vs 5 Forward 
   Center                   Left Wing                Right Wing               Time % Phy DF OF 
 1 Dylan Larkin             Nino Niederreiter        Connor Brown             35     1   2  2  
 2 Ryan Johansen            Danton Heinen            Jake Virtanen            35     1   2  2  
 3 T.J. Hensick             Lucas Lessio             Carson Mcmillan          20     1   2  2  
 4 Brendan Woods            Teemu Pulkkinen          Tyler Pitlick            10     1   2  2  

5 vs 5 Defense 
   Defense                  Defense                                           Time % Phy DF OF 
 1 Martin Marincin          Colton Parayko                                    40     1   2  2  
 2 Philip Samuelsson        Ivan Provorov                                     30     1   2  2  
 3 Calvin de Haan           Roland McKeown                                    20     1   2  2  
 4 Calvin de Haan           Roland McKeown                                    10     1   2  2  

PowerPlay Forward 
   Center                   Left Wing                Right Wing               Time % Phy DF OF 
 1 Dylan Larkin             Nino Niederreiter        Connor Brown             60     1   2  2  
 2 Ryan Johansen            Danton Heinen            Jake Virtanen            40     1   2  2  

PowerPlay Defense
   Defense                  Defense                                           Time % Phy DF OF 
 1 Ivan Provorov            Colton Parayko                                    60     1   2  2  
 2 Philip Samuelsson        Calvin de Haan                                    40     1   2  2  

Penalty Kill 4 Players Forward 
   Center                   Wing                     Time % Phy DF OF 
 1 T.J. Hensick             Carson Mcmillan          60     1   2  2  
 2 Nino Niederreiter        Brendan Woods            40     1   2  2  

Penalty Kill 4 Players Defense
   Defense                  Defense                  Time % Phy DF OF 
 1 Philip Samuelsson        Roland McKeown           60     1   2  2  
 2 Colton Parayko           Martin Marincin          40     1   2  2  

Penalty Kill - 3 Players Forward 
   Forward                                           Time % Phy DF OF 
 1 Carson Mcmillan                                   60     1   2  2  
 2 Brendan Woods                                     40     1   2  2  

Penalty Kill - 3 Players Defense
   Defense                  Defense                  Time % Phy DF OF 
 1 Philip Samuelsson        Roland McKeown           60     1   2  2  
 2 Martin Marincin          Colton Parayko           40     1   2  2  

4 vs 4 Forward 
   Center                   Wing                     Time % Phy DF OF 
 1 Dylan Larkin             Connor Brown             60     1   2  2  
 2 Ryan Johansen            Nino Niederreiter        40     1   2  2  

4 vs 4 Defense
   Defense                  Defense                  Time % Phy DF OF 
 1 Ivan Provorov            Philip Samuelsson        60     1   2  2  
 2 Colton Parayko           Calvin de Haan           40     1   2  2  

Last Minutes Offensive
   Center                   Left Wing                Right Wing               Defense                  Defense                  
   Dylan Larkin             Nino Niederreiter        Connor Brown             Colton Parayko           Ryan Johansen            

Last Minutes Defensive
   Center                   Left Wing                Right Wing               Defense                  Defense                  
   T.J. Hensick             Brendan Woods            Carson Mcmillan          Colton Parayko           Roland McKeown           

Goaltenders
Starting : Harru Sateri             
Backup : Carter Hart              

Extra Forwards
Normal : Jake Virtanen, T.J. Hensick, Tyler Pitlick - PP : Tyler Pitlick, Carson Mcmillan - PK : Ryan Johansen
Extra Defensemen
Normal : Martin Marincin, Philip Samuelsson, Roland McKeown - PP : Roland McKeown - PK : Philip Samuelsson, Ivan Provorov
Penalty Shots
Dylan Larkin, Nino Niederreiter, Carson Mcmillan, Ryan Johansen, Teemu Pulkkinen
Custom OT Lines Forwards
Dylan Larkin, Connor Brown, Nino Niederreiter, Ryan Johansen, Danton Heinen, Jake Virtanen, T.J. Hensick, Carson Mcmillan, Teemu Pulkkinen, Tyler Pitlick
Custom OT Lines Defensemen
Colton Parayko, Philip Samuelsson, Ivan Provorov, Roland McKeown, Martin Marincin

Scratches
Jake Dotchin (Healthy), Mike Richards (Healthy), Travis Zajac (Healthy), Cam Talbot (Healthy)

% Time on Ice - Rangers

Lines # - Real PCT - Wanted PCT - Time Play
Normal Forward
1 - 32% - 35% - 16:46
2 - 28% - 30% - 14:27
3 - 22% - 25% - 11:32
4 - 17% - 10% - 8:53
Normal Defense
1 - 38% - 40% - 19:34
2 - 31% - 30% - 15:52
3 - 27% - 20% - 13:48
4 - 5% - 10% - 2:24
PP Forward
1 - 61% - 60% - 1:45
2 - 39% - 40% - 1:07
PP Defense
1 - 60% - 60% - 1:43
2 - 40% - 40% - 1:09
PK Forward
1 - 90% - 60% - 4:01
2 - 10% - 40% - 0:28
PK Defense
1 - 57% - 60% - 2:33
2 - 43% - 40% - 1:56
PK3 Forward
1 - 0% - 60%
2 - 0% - 40%
PK3 Defense
1 - 0% - 60%
2 - 0% - 40%
44 Forward
1 - 0% - 60%
2 - 0% - 40%
44 Defense
1 - 0% - 60%
2 - 0% - 40%
Last Minute Offensive  - 0:00
Last Minute Defensive  - 1:01
Total
Forward - 60:00
Defense - 60:00

% Time on Ice - Red Wings

Lines # - Real PCT - Wanted PCT - Time Play
Normal Forward
1 - 32% - 35% - 16:35
2 - 33% - 35% - 16:59
3 - 22% - 20% - 11:12
4 - 13% - 10% - 6:48
Normal Defense
1 - 41% - 40% - 21:13
2 - 31% - 30% - 16:06
3 - 19% - 20% - 9:54
4 - 8% - 10% - 4:21
PP Forward
1 - 62% - 60% - 2:47
2 - 38% - 40% - 1:42
PP Defense
1 - 74% - 60% - 3:19
2 - 26% - 40% - 1:10
PK Forward
1 - 83% - 60% - 2:23
2 - 17% - 40% - 0:29
PK Defense
1 - 65% - 60% - 1:52
2 - 35% - 40% - 1:00
PK3 Forward
1 - 0% - 60%
2 - 0% - 40%
PK3 Defense
1 - 0% - 60%
2 - 0% - 40%
44 Forward
1 - 0% - 60%
2 - 0% - 40%
44 Defense
1 - 0% - 60%
2 - 0% - 40%
Last Minute Offensive  - 1:05
Last Minute Defensive  - 0:00
Total
Forward - 60:00
Defense - 60:00

Play-by-Play

1st period


0:01 of 1st period - Sean Couturier wins face-off versus Dylan Larkin in neutral zone.
0:15 of 1st period - Snap shot by Dylan Larkin.
0:15 of 1st period - Shot Blocked by Cale Makar.
0:27 of 1st period - Wrist shot by Ondrej Palat.
0:27 of 1st period - Stopped by Harru Sateri with a rebound.
0:29 of 1st period - Wrist shot by Devante Smith-Pelly.
0:29 of 1st period - Shot Misses the Net.
0:31 of 1st period - Slapshot by Dmitry Kulikov.
0:31 of 1st period - Stopped by Harru Sateri without a rebound.
0:32 of 1st period - Henrik Samuelsson wins face-off versus Ryan Johansen in Red Wings zone.
0:48 of 1st period - Backhand shot by Danton Heinen.
0:48 of 1st period - Stopped by Samuel Montembeault with a rebound.
0:50 of 1st period - Slapshot by Philip Samuelsson.
0:50 of 1st period - Shot Misses the Net.
0:52 of 1st period - Slapshot by Philip Samuelsson.
0:52 of 1st period - Shot Blocked by Mikhail Sergachev.
0:54 of 1st period - Snap shot by Jake Virtanen.
0:54 of 1st period - Shot Misses the Net.
0:56 of 1st period - Snap shot by Jake Virtanen.
0:56 of 1st period - Shot Misses the Net.
0:58 of 1st period - Snap shot by Ryan Johansen.
0:58 of 1st period - Stopped by Samuel Montembeault with a rebound.
1:00 of 1st period - Snap shot by Roland McKeown.
1:00 of 1st period - Shot Blocked by Viktor Arvidsson.
1:04 of 1st period - Snap shot by Ryan Johansen.
1:04 of 1st period - Shot Misses the Net.
2:06 of 1st period - Icing by Roland McKeown.
2:07 of 1st period - Ryan Johansen wins face-off versus Tomas Hertl in Red Wings zone.
2:07 of 1st period - Ryan Johansen is hit by Ondrej Palat.
2:33 of 1st period - Backhand shot by Dylan Larkin.
2:33 of 1st period - Stopped by Samuel Montembeault without a rebound.
2:34 of 1st period - Dylan Larkin wins face-off versus Sean Couturier in Rangers zone.
2:49 of 1st period - Snap shot by Connor Brown.
2:49 of 1st period - Stopped by Samuel Montembeault with a rebound.
2:51 of 1st period - Slapshot by Colton Parayko.
2:51 of 1st period - Shot Misses the Net.
3:03 of 1st period - Wrist shot by Sean Couturier.
3:03 of 1st period - Shot Misses the Net.
3:09 of 1st period - Slapshot by Devante Smith-Pelly.
3:09 of 1st period - Stopped by Harru Sateri with a rebound.
3:25 of 1st period - Vince Dunn is hit by Philip Samuelsson and loses puck.
3:30 of 1st period - Snap shot by Teemu Pulkkinen.
3:30 of 1st period - Stopped by Samuel Montembeault with a rebound.
3:32 of 1st period - Slapshot by Ivan Provorov.
3:32 of 1st period - Stopped by Samuel Montembeault with a rebound.
3:34 of 1st period - Slapshot by Brendan Woods.
3:34 of 1st period - Shot Blocked by David Pope.
3:36 of 1st period - Slapshot by Philip Samuelsson.
3:36 of 1st period - Stopped by Samuel Montembeault with a rebound.
3:46 of 1st period - Ivan Provorov is hit by Ryan Strome and loses puck.
4:05 of 1st period - Snap shot by Carson Mcmillan.
4:05 of 1st period - Stopped by Samuel Montembeault without a rebound.
4:06 of 1st period - Tomas Hertl wins face-off versus T.J. Hensick in Rangers zone.
4:06 of 1st period - Tomas Hertl is hit by Roland McKeown.
4:11 of 1st period - Cale Makar is hit by Calvin de Haan.
4:33 of 1st period - Slapshot by Jake McCabe.
4:33 of 1st period - Deflect By Ryan Strome.
4:33 of 1st period - Shot Blocked by Calvin de Haan.
4:33 of 1st period - Puck is out of play.
4:34 of 1st period - Milan Lucic wins face-off versus Dylan Larkin in Red Wings zone.
5:44 of 1st period - Roland McKeown is hit by Tomas Hertl and loses puck.
6:58 of 1st period - Snap shot by Tyler Pitlick.
6:58 of 1st period - Stopped by Samuel Montembeault with a rebound.
7:00 of 1st period - Snap shot by Brendan Woods.
7:00 of 1st period - Stopped by Samuel Montembeault without a rebound.
7:01 of 1st period - Sean Couturier wins face-off versus Brendan Woods in Rangers zone.
7:23 of 1st period - Icing by Philip Samuelsson.
7:24 of 1st period - Brendan Woods wins face-off versus Tomas Hertl in Red Wings zone.
8:16 of 1st period - Off-side.
8:17 of 1st period - Henrik Samuelsson wins face-off versus T.J. Hensick in neutral zone.
8:20 of 1st period - Lucas Lessio is hit by Viktor Arvidsson and loses puck.
9:05 of 1st period - Off-side.
9:06 of 1st period - Sean Couturier wins face-off versus Ryan Johansen in neutral zone.
9:31 of 1st period - Ivan Provorov is hit by Jake McCabe and loses puck.
9:52 of 1st period - Snap shot by Danton Heinen.
9:52 of 1st period - Stopped by Samuel Montembeault without a rebound.
9:53 of 1st period - Sean Couturier wins face-off versus Dylan Larkin in Rangers zone.
10:35 of 1st period - Henrik Samuelsson is hit by Carson Mcmillan and loses puck.
11:28 of 1st period - Minor Penalty to Devante Smith-Pelly for Hooking.
11:29 of 1st period - Dylan Larkin wins face-off versus Milan Lucic in Rangers zone.
11:30 of 1st period - Snap shot by Connor Brown.
11:30 of 1st period - Stopped by Samuel Montembeault without a rebound.
11:31 of 1st period - Dylan Larkin wins face-off versus Milan Lucic in Rangers zone.
11:34 of 1st period - Wrist shot by Dylan Larkin.
11:34 of 1st period - Stopped by Samuel Montembeault with a rebound.
11:36 of 1st period - Wrist shot by Ivan Provorov.
11:36 of 1st period - Stopped by Samuel Montembeault without a rebound.
11:37 of 1st period - Dylan Larkin wins face-off versus Milan Lucic in Rangers zone.
11:46 of 1st period - Milan Lucic is hit by Nino Niederreiter and loses puck.
11:59 of 1st period - Snap shot by Nino Niederreiter.
11:59 of 1st period - Goal by Nino Niederreiter - Rangers : 0 - Red Wings : 1.
12:00 of 1st period - Sean Couturier wins face-off versus Dylan Larkin in neutral zone.
12:42 of 1st period - Colton Parayko is hit by Devante Smith-Pelly and loses puck.
12:57 of 1st period - Snap shot by Viktor Arvidsson.
12:57 of 1st period - Stopped by Harru Sateri with a rebound.
13:03 of 1st period - Snap shot by Lucas Lessio.
13:03 of 1st period - Deflect By Carson Mcmillan.
13:03 of 1st period - Shot Misses the Net.
13:03 of 1st period - Puck is out of play.
13:04 of 1st period - Dylan Larkin wins face-off versus Sean Couturier in Rangers zone.
13:17 of 1st period - Wrist shot by Dylan Larkin.
13:17 of 1st period - Shot Misses the Net.
13:19 of 1st period - Snap shot by Connor Brown.
13:19 of 1st period - Stopped by Samuel Montembeault without a rebound.
13:20 of 1st period - Viktor Arvidsson wins face-off versus Ryan Johansen in Rangers zone.
14:02 of 1st period - Snap shot by Oliver Bjorkstrand.
14:02 of 1st period - Shot Misses the Net.
14:04 of 1st period - Wrist shot by Vince Dunn.
14:04 of 1st period - Shot Misses the Net.
14:36 of 1st period - Wrist shot by Oliver Bjorkstrand.
14:36 of 1st period - Shot Misses the Net.
14:44 of 1st period - Snap shot by Viktor Arvidsson.
14:44 of 1st period - Shot Misses the Net.
14:53 of 1st period - Wrist shot by Steven Santini.
14:53 of 1st period - Stopped by Harru Sateri with a rebound.
14:55 of 1st period - Backhand shot by Steven Santini.
14:55 of 1st period - Shot Blocked by Danton Heinen.
15:05 of 1st period - Slapshot by Oliver Bjorkstrand.
15:05 of 1st period - Stopped by Harru Sateri with a rebound.
15:07 of 1st period - Slapshot by Vince Dunn.
15:07 of 1st period - Deflect By Henrik Samuelsson.
15:07 of 1st period - Shot Misses the Net.
15:07 of 1st period - Puck is out of play.
15:08 of 1st period - Sean Couturier wins face-off versus Dylan Larkin in Red Wings zone.
15:11 of 1st period - Snap shot by Ryan Strome.
15:11 of 1st period - Stopped by Harru Sateri without a rebound.
15:12 of 1st period - Dylan Larkin wins face-off versus Sean Couturier in Red Wings zone.
15:53 of 1st period - Philip Samuelsson is hit by Tomas Hertl and loses puck.
16:06 of 1st period - Snap shot by Tyler Pitlick.
16:06 of 1st period - Shot Blocked by Devante Smith-Pelly.
17:07 of 1st period - Off-side.
17:08 of 1st period - Brendan Woods wins face-off versus Casey Mittelstadt in neutral zone.
17:11 of 1st period - Wrist shot by Teemu Pulkkinen.
17:11 of 1st period - Shot Blocked by Steven Santini.
17:13 of 1st period - Wrist shot by Brendan Woods.
17:13 of 1st period - Shot Hit the Post.
17:15 of 1st period - Slapshot by Brendan Woods.
17:15 of 1st period - Stopped by Samuel Montembeault with a rebound.
17:29 of 1st period - Teemu Pulkkinen is hit by Connor Chatam.
17:33 of 1st period - David Pope is hit by Teemu Pulkkinen and loses puck.
18:01 of 1st period - Connor Chatam is hit by Philip Samuelsson.
18:14 of 1st period - Icing by Vince Dunn.
18:15 of 1st period - Casey Mittelstadt wins face-off versus Dylan Larkin in Rangers zone.
18:24 of 1st period - Slapshot by Vince Dunn.
18:24 of 1st period - Deflect By Casey Mittelstadt.
18:24 of 1st period - Shot Misses the Net.
18:24 of 1st period - Puck is out of play.
18:25 of 1st period - Nino Niederreiter wins face-off versus Sean Couturier in Red Wings zone.
19:01 of 1st period - Wrist shot by Ryan Strome.
19:01 of 1st period - Stopped by Harru Sateri with a rebound.
19:11 of 1st period - Slapshot by Nino Niederreiter.
19:11 of 1st period - Goal by Nino Niederreiter - Rangers : 0 - Red Wings : 2.
19:12 of 1st period - Ryan Johansen wins face-off versus Tomas Hertl in neutral zone.
19:49 of 1st period - Snap shot by Oliver Bjorkstrand.
19:49 of 1st period - Stopped by Harru Sateri with a rebound.
Goals for this period are 0 for Rangers vs 2 for Red Wings.
Shots for this period are 9 for Rangers vs 18 for Red Wings.

2nd period


0:01 of 2nd period - Sean Couturier wins face-off versus Dylan Larkin in neutral zone.
0:10 of 2nd period - Snap shot by Sean Couturier.
0:10 of 2nd period - Stopped by Harru Sateri with a rebound.
0:12 of 2nd period - Wrist shot by Milan Lucic.
0:12 of 2nd period - Deflect By Sean Couturier.
0:12 of 2nd period - Shot Misses the Net.
0:12 of 2nd period - Puck is out of play.
0:13 of 2nd period - Sean Couturier wins face-off versus Dylan Larkin in Red Wings zone.
0:40 of 2nd period - Martin Marincin is hit by Jake McCabe and loses puck.
1:57 of 2nd period - Snap shot by Sean Couturier.
1:57 of 2nd period - Shot Misses the Net.
1:59 of 2nd period - Snap shot by Ryan Strome.
1:59 of 2nd period - Goal by Ryan Strome - Rangers : 1 - Red Wings : 2.
2:00 of 2nd period - Connor Brown wins face-off versus Sean Couturier in neutral zone.
2:21 of 2nd period - Minor Penalty to Colton Parayko for Goalie Interference.
2:22 of 2nd period - Sean Couturier wins face-off versus T.J. Hensick in Red Wings zone.
2:55 of 2nd period - Ivan Provorov is hit by Jake McCabe and loses puck.
3:15 of 2nd period - Mikhail Sergachev is hit by Martin Marincin and loses puck.
4:21 of 2nd period - Penalty to Colton Parayko is over, Colton Parayko is back on ice.
4:21 of 2nd period - Calvin de Haan is hit by Connor Chatam and loses puck.
4:34 of 2nd period - Slapshot by Viktor Arvidsson.
4:34 of 2nd period - Stopped by Harru Sateri with a rebound.
5:23 of 2nd period - Henrik Samuelsson is hit by Nino Niederreiter.
5:51 of 2nd period - Martin Marincin is hit by David Pope and loses puck.
7:33 of 2nd period - Wrist shot by Henrik Samuelsson.
7:33 of 2nd period - Shot Misses the Net.
8:02 of 2nd period - Icing by Jake Virtanen.
8:03 of 2nd period - Tomas Hertl wins face-off versus Dylan Larkin in Red Wings zone.
8:06 of 2nd period - Snap shot by Ondrej Palat.
8:06 of 2nd period - Stopped by Harru Sateri without a rebound.
8:07 of 2nd period - Tomas Hertl wins face-off versus Dylan Larkin in Red Wings zone.
8:08 of 2nd period - Snap shot by Devante Smith-Pelly.
8:08 of 2nd period - Shot Misses the Net.
8:22 of 2nd period - Nino Niederreiter is hit by Devante Smith-Pelly and loses puck.
8:31 of 2nd period - Snap shot by Connor Brown.
8:31 of 2nd period - Shot Hit the Post.
8:47 of 2nd period - Wrist shot by Mikhail Sergachev.
8:47 of 2nd period - Deflect By Tomas Hertl.
8:47 of 2nd period - Stopped by Harru Sateri without a rebound.
8:48 of 2nd period - Ryan Johansen wins face-off versus Sean Couturier in Red Wings zone.
8:48 of 2nd period - Ryan Johansen is hit by Ryan Strome.
9:14 of 2nd period - Lucas Lessio is hit by Jake McCabe and loses puck.
9:24 of 2nd period - Off-side.
9:25 of 2nd period - Dylan Larkin wins face-off versus Tomas Hertl in neutral zone.
9:59 of 2nd period - Snap shot by Milan Lucic.
9:59 of 2nd period - Shot Misses the Net.
11:11 of 2nd period - Snap shot by Tyler Pitlick.
11:11 of 2nd period - Shot Blocked by Ryan Strome.
11:13 of 2nd period - Slapshot by Colton Parayko.
11:13 of 2nd period - Stopped by Samuel Montembeault with a rebound.
11:15 of 2nd period - Slapshot by Colton Parayko.
11:15 of 2nd period - Shot Blocked by Cale Makar.
11:17 of 2nd period - Slapshot by Martin Marincin.
11:17 of 2nd period - Stopped by Samuel Montembeault without a rebound.
11:18 of 2nd period - Tomas Hertl wins face-off versus Dylan Larkin in Rangers zone.
11:31 of 2nd period - Off-side.
11:32 of 2nd period - Sean Couturier wins face-off versus Dylan Larkin in neutral zone.
11:35 of 2nd period - Ivan Provorov is hit by Sean Couturier and loses puck.
12:23 of 2nd period - Lucas Lessio is hit by Viktor Arvidsson and loses puck.
12:24 of 2nd period - Lucas Lessio from Red Wings is injured at 12:24 of 2nd period (Left Knee).
12:25 of 2nd period - Ryan Strome wins face-off versus Dylan Larkin in Red Wings zone.
12:26 of 2nd period - Wrist shot by Sean Couturier.
12:26 of 2nd period - Stopped by Harru Sateri without a rebound.
12:27 of 2nd period - Dylan Larkin wins face-off versus Sean Couturier in Red Wings zone.
12:54 of 2nd period - Danton Heinen is hit by Cale Makar and loses puck.
14:35 of 2nd period - Wrist shot by T.J. Hensick.
14:35 of 2nd period - Deflect By Carson Mcmillan.
14:35 of 2nd period - Stopped by Samuel Montembeault without a rebound.
14:36 of 2nd period - Sean Couturier wins face-off versus T.J. Hensick in Rangers zone.
14:36 of 2nd period - Sean Couturier is hit by Carson Mcmillan.
15:10 of 2nd period - Wrist shot by Tomas Hertl.
15:10 of 2nd period - Shot Misses the Net.
15:34 of 2nd period - Connor Chatam is hit by Colton Parayko.
15:38 of 2nd period - Martin Marincin is hit by David Pope and loses puck.
15:53 of 2nd period - Snap shot by Tyler Pitlick.
15:53 of 2nd period - Stopped by Samuel Montembeault without a rebound.
15:54 of 2nd period - Milan Lucic wins face-off versus T.J. Hensick in Rangers zone.
16:11 of 2nd period - Calvin de Haan is hit by Milan Lucic and loses puck.
16:23 of 2nd period - Off-side.
16:24 of 2nd period - Henrik Samuelsson wins face-off versus Dylan Larkin in neutral zone.
16:50 of 2nd period - Colton Parayko is hit by Dmitry Kulikov and loses puck.
16:59 of 2nd period - Snap shot by Cale Makar.
16:59 of 2nd period - Stopped by Harru Sateri without a rebound.
17:00 of 2nd period - Sean Couturier wins face-off versus Connor Brown in Red Wings zone.
17:03 of 2nd period - Snap shot by Ryan Strome.
17:03 of 2nd period - Stopped by Harru Sateri without a rebound.
17:04 of 2nd period - Sean Couturier wins face-off versus Dylan Larkin in Red Wings zone.
17:11 of 2nd period - Snap shot by Ryan Strome.
17:11 of 2nd period - Stopped by Harru Sateri with a rebound.
17:13 of 2nd period - Wrist shot by Ryan Strome.
17:13 of 2nd period - Shot Misses the Net.
17:32 of 2nd period - Icing by Tomas Hertl.
17:33 of 2nd period - Ryan Johansen wins face-off versus Tomas Hertl in Rangers zone.
17:52 of 2nd period - Snap shot by Cale Makar.
17:52 of 2nd period - Stopped by Harru Sateri without a rebound.
17:53 of 2nd period - Dylan Larkin wins face-off versus Sean Couturier in Red Wings zone.
17:53 of 2nd period - Dylan Larkin is hit by Mikhail Sergachev.
17:56 of 2nd period - Minor Penalty to Nino Niederreiter for Hooking.
17:57 of 2nd period - T.J. Hensick wins face-off versus Sean Couturier in Red Wings zone.
18:33 of 2nd period - Slapshot by Tomas Hertl.
18:33 of 2nd period - Shot Blocked by Philip Samuelsson.
18:35 of 2nd period - Snap shot by Mikhail Sergachev.
18:35 of 2nd period - Goal by Mikhail Sergachev - Rangers : 2 - Red Wings : 2.
18:36 of 2nd period - Sean Couturier wins face-off versus Dylan Larkin in neutral zone.
18:39 of 2nd period - Snap shot by Milan Lucic.
18:39 of 2nd period - Stopped by Harru Sateri without a rebound.
18:40 of 2nd period - Dylan Larkin wins face-off versus Sean Couturier in Red Wings zone.
18:40 of 2nd period - Dylan Larkin is hit by Sean Couturier.
18:45 of 2nd period - Minor Penalty to Sean Couturier for Hooking.
18:46 of 2nd period - Milan Lucic wins face-off versus Dylan Larkin in Rangers zone.
19:02 of 2nd period - Wrist shot by Connor Brown.
19:02 of 2nd period - Shot Misses the Net.
19:18 of 2nd period - Cale Makar is hit by Ryan Johansen and loses puck.
Goals for this period are 2 for Rangers vs 0 for Red Wings.
Shots for this period are 12 for Rangers vs 4 for Red Wings.

3rd period


0:01 of 3rd period - Dylan Larkin wins face-off versus Milan Lucic in neutral zone.
0:06 of 3rd period - Ivan Provorov is hit by Cale Makar and loses puck.
0:13 of 3rd period - Snap shot by Dylan Larkin.
0:13 of 3rd period - Shot Misses the Net.
0:15 of 3rd period - Slapshot by Colton Parayko.
0:15 of 3rd period - Stopped by Samuel Montembeault with a rebound.
0:17 of 3rd period - Backhand shot by Colton Parayko.
0:17 of 3rd period - Shot Hit the Post.
0:27 of 3rd period - Milan Lucic is hit by Ivan Provorov.
0:45 of 3rd period - Penalty to Sean Couturier is over, Sean Couturier is back on ice.
0:58 of 3rd period - Slapshot by Milan Lucic.
0:58 of 3rd period - Shot Misses the Net.
1:14 of 3rd period - Slapshot by Sean Couturier.
1:14 of 3rd period - Deflect By Ryan Johansen.
1:14 of 3rd period - Stopped by Harru Sateri without a rebound.
1:15 of 3rd period - Tomas Hertl wins face-off versus Dylan Larkin in Red Wings zone.
1:26 of 3rd period - Wrist shot by Dylan Larkin.
1:26 of 3rd period - Shot Blocked by Devante Smith-Pelly.
1:28 of 3rd period - Snap shot by Nino Niederreiter.
1:28 of 3rd period - Shot Blocked by Tomas Hertl.
1:51 of 3rd period - Snap shot by Teemu Pulkkinen.
1:51 of 3rd period - Stopped by Samuel Montembeault with a rebound.
1:53 of 3rd period - Slapshot by Calvin de Haan.
1:53 of 3rd period - Stopped by Samuel Montembeault with a rebound.
1:55 of 3rd period - Slapshot by Calvin de Haan.
1:55 of 3rd period - Stopped by Samuel Montembeault with a rebound.
2:05 of 3rd period - Snap shot by Casey Mittelstadt.
2:05 of 3rd period - Deflect By David Pope.
2:05 of 3rd period - Shot Blocked by Colton Parayko.
2:05 of 3rd period - Puck is out of play.
2:06 of 3rd period - T.J. Hensick wins face-off versus David Pope in Red Wings zone.
2:21 of 3rd period - Colton Parayko is hit by Casey Mittelstadt.
2:30 of 3rd period - Brendan Woods is hit by Connor Chatam and loses puck.
3:07 of 3rd period - Wrist shot by David Pope.
3:07 of 3rd period - Stopped by Harru Sateri with a rebound.
3:09 of 3rd period - Slapshot by David Pope.
3:09 of 3rd period - Shot Blocked by Martin Marincin.
3:11 of 3rd period - Snap shot by Vince Dunn.
3:11 of 3rd period - Shot Misses the Net.
3:13 of 3rd period - Slapshot by Steven Santini.
3:13 of 3rd period - Stopped by Harru Sateri with a rebound.
3:15 of 3rd period - Wrist shot by Steven Santini.
3:15 of 3rd period - Stopped by Harru Sateri without a rebound.
3:16 of 3rd period - Sean Couturier wins face-off versus Dylan Larkin in Red Wings zone.
3:41 of 3rd period - Cale Makar is hit by Ivan Provorov and loses puck.
3:50 of 3rd period - Backhand shot by Jake Virtanen.
3:50 of 3rd period - Shot Misses the Net.
3:58 of 3rd period - Minor Penalty to Calvin de Haan for Holding.
3:59 of 3rd period - T.J. Hensick wins face-off versus Sean Couturier in Red Wings zone.
4:08 of 3rd period - Slapshot by Cale Makar.
4:08 of 3rd period - Goal by Cale Makar - Rangers : 3 - Red Wings : 2.
4:09 of 3rd period - Dylan Larkin wins face-off versus Sean Couturier in neutral zone.
5:27 of 3rd period - Snap shot by Cale Makar.
5:27 of 3rd period - Shot Blocked by T.J. Hensick.
5:29 of 3rd period - Slapshot by Cale Makar.
5:29 of 3rd period - Deflect By Martin Marincin.
5:29 of 3rd period - Stopped by Harru Sateri with a rebound.
5:37 of 3rd period - Wrist shot by Tomas Hertl.
5:37 of 3rd period - Shot Blocked by Carson Mcmillan.
5:47 of 3rd period - Snap shot by Tomas Hertl.
5:47 of 3rd period - Stopped by Harru Sateri without a rebound.
5:48 of 3rd period - Dylan Larkin wins face-off versus Sean Couturier in Red Wings zone.
6:19 of 3rd period - Slapshot by Viktor Arvidsson.
6:19 of 3rd period - Shot Misses the Net.
7:07 of 3rd period - Off-side.
7:08 of 3rd period - Sean Couturier wins face-off versus Ryan Johansen in neutral zone.
7:13 of 3rd period - Slapshot by Ryan Strome.
7:13 of 3rd period - Shot Misses the Net.
7:23 of 3rd period - Snap shot by Sean Couturier.
7:23 of 3rd period - Stopped by Harru Sateri with a rebound.
7:45 of 3rd period - Minor Penalty to Steven Santini for Interference.
7:46 of 3rd period - Milan Lucic wins face-off versus Dylan Larkin in Rangers zone.
7:50 of 3rd period - Snap shot by Connor Brown.
7:50 of 3rd period - Shot Misses the Net.
8:00 of 3rd period - Slapshot by Dylan Larkin.
8:00 of 3rd period - Deflect By Cale Makar.
8:00 of 3rd period - Shot Misses the Net.
8:00 of 3rd period - Puck is out of play.
8:01 of 3rd period - Dylan Larkin wins face-off versus Milan Lucic in Rangers zone.
8:08 of 3rd period - Wrist shot by Connor Brown.
8:08 of 3rd period - Shot Blocked by Sean Couturier.
8:10 of 3rd period - Snap shot by Nino Niederreiter.
8:10 of 3rd period - Stopped by Samuel Montembeault with a rebound.
8:12 of 3rd period - Slapshot by Colton Parayko.
8:12 of 3rd period - Stopped by Samuel Montembeault without a rebound.
8:13 of 3rd period - Nino Niederreiter wins face-off versus Milan Lucic in Rangers zone.
8:20 of 3rd period - Backhand shot by Nino Niederreiter.
8:20 of 3rd period - Shot Misses the Net.
9:45 of 3rd period - Penalty to Steven Santini is over, Steven Santini is back on ice.
10:50 of 3rd period - Roland McKeown is hit by Devante Smith-Pelly and loses puck.
11:11 of 3rd period - Brendan Woods is hit by David Pope and loses puck.
11:28 of 3rd period - Cale Makar is hit by Ivan Provorov and loses puck.
11:48 of 3rd period - Minor Penalty to Danton Heinen for Cross-checking.
11:49 of 3rd period - Sean Couturier wins face-off versus T.J. Hensick in Red Wings zone.
11:52 of 3rd period - Snap shot by Cale Makar.
11:52 of 3rd period - Deflect By T.J. Hensick.
11:52 of 3rd period - Goal by Cale Makar - Rangers : 4 - Red Wings : 2.
11:53 of 3rd period - Dylan Larkin wins face-off versus Sean Couturier in neutral zone.
11:57 of 3rd period - Off-side.
11:58 of 3rd period - Sean Couturier wins face-off versus Dylan Larkin in neutral zone.
12:01 of 3rd period - Jake McCabe is hit by Philip Samuelsson and loses puck.
12:58 of 3rd period - Slapshot by Colton Parayko.
12:58 of 3rd period - Stopped by Samuel Montembeault without a rebound.
12:59 of 3rd period - Dylan Larkin wins face-off versus Sean Couturier in Rangers zone.
13:04 of 3rd period - Snap shot by Nino Niederreiter.
13:04 of 3rd period - Shot Misses the Net.
13:06 of 3rd period - Slapshot by Martin Marincin.
13:06 of 3rd period - Stopped by Samuel Montembeault with a rebound.
13:08 of 3rd period - Wrist shot by Connor Brown.
13:08 of 3rd period - Stopped by Samuel Montembeault with a rebound.
13:10 of 3rd period - Slapshot by Colton Parayko.
13:10 of 3rd period - Stopped by Samuel Montembeault without a rebound.
13:11 of 3rd period - Dylan Larkin wins face-off versus Sean Couturier in Rangers zone.
13:14 of 3rd period - Snap shot by Dylan Larkin.
13:14 of 3rd period - Stopped by Samuel Montembeault without a rebound.
13:15 of 3rd period - Dylan Larkin wins face-off versus Sean Couturier in Rangers zone.
13:43 of 3rd period - Snap shot by Danton Heinen.
13:43 of 3rd period - Shot Misses the Net.
13:45 of 3rd period - Snap shot by Ryan Johansen.
13:45 of 3rd period - Goal by Ryan Johansen - Rangers : 4 - Red Wings : 3.
13:46 of 3rd period - Ryan Johansen wins face-off versus Sean Couturier in neutral zone.
14:11 of 3rd period - Ondrej Palat is hit by Colton Parayko and loses puck.
14:50 of 3rd period - Ivan Provorov is hit by David Pope and loses puck.
15:35 of 3rd period - Snap shot by T.J. Hensick.
15:35 of 3rd period - Shot Blocked by Cale Makar.
15:59 of 3rd period - Oliver Bjorkstrand is hit by Jake Virtanen and loses puck.
17:08 of 3rd period - Connor Brown is hit by Henrik Samuelsson and loses puck.
17:15 of 3rd period - Steven Santini is hit by Colton Parayko.
17:19 of 3rd period - Vince Dunn is hit by Colton Parayko and loses puck.
18:39 of 3rd period - Icing by Viktor Arvidsson.
18:40 of 3rd period - Dylan Larkin wins face-off versus Milan Lucic in Rangers zone.
18:45 of 3rd period - Red Wings, Harru Sateri is pulled from the net.
18:45 of 3rd period - Wrist shot by Connor Brown.
18:45 of 3rd period - Shot Misses the Net.
19:54 of 3rd period - Slapshot by Nino Niederreiter.
19:54 of 3rd period - Deflect By Dylan Larkin.
19:54 of 3rd period - Stopped by Samuel Montembeault with a rebound.
19:56 of 3rd period - Slapshot by Ivan Provorov.
19:56 of 3rd period - Stopped by Samuel Montembeault without a rebound.
19:57 of 3rd period - Bob Hartley call a timeout for Red Wings.
19:57 of 3rd period - Nino Niederreiter wins face-off versus Sean Couturier in Rangers zone.
Goals for this period are 2 for Rangers vs 1 for Red Wings.
Shots for this period are 9 for Rangers vs 14 for Red Wings.